 Dungeon Crawl Stone Soup version 0.30-a0-404-g0b3c3f4973 (webtiles) character file.

Game seed: 5411607741622233704

622 tsouns the Trooper (level 7, 0/23 (75) HPs)
             Began as an Ogre Reaver on Dec 8, 2022.
             Was an Initiate of Dithmenos.
             Slain by a scorpion (5 damage)
             ... on level 4 of the Dungeon.
             The game lasted 00:08:19 (4883 turns).

tsouns the Trooper (Ogre Reaver)                    Turns: 4883, Time: 00:08:20

HP:   0/23 (75)     AC:  4    Str: 17    XL:     7   Next: 46%
MP:   14/14         EV:  9    Int: 16    God:    Dithmenos [......]
Gold: 251           SH:  0    Dex:  7    Spells: 15/16 levels left

rFire   . . .      SeeInvis .    a - +0 mace (vamp)
rCold   . . .      Faith    .    (no shield)
rNeg    . . .      Spirit   .    b - +0 robe
rPois   .          Reflect  .    (helmet restricted)
rElec   .          Harm     .    m - +0 cloak
rCorr   .          Rampage  .    (gloves unavailable)
Will    .....                    (boots unavailable)
Stlth   +.........               (no amulet)
HPRegen 0.23/turn                (no ring)
MPRegen 0.14/turn                (no ring)

@: lethally poisoned (0 -> -4), extremely drained
A: large, unfitting armour, tough skin 1
a: Renounce Religion


You were on level 4 of the Dungeon.
You worshipped Dithmenos.
Dithmenos was noncommittal.
You visited 1 branch of the dungeon, and saw 5 of its levels.

You collected 251 gold pieces.

Inventory:

Hand Weapons
 a - a +0 vampiric mace (weapon)
 f - a +0 giant spiked club
 l - a +2 quarterstaff of chaos
 n - a +1 hammer of protection
Armour
 b - a +0 robe (worn)
 m - a +0 cloak (worn)
Scrolls
 e - 2 scrolls of fog {unknown}
 g - 2 scrolls of noise
 i - a scroll of vulnerability
Potions
 h - a potion of curing


   Skills:
 + Level 6.2 Fighting
 * Level 5.2 Maces & Flails
 - Level 1.7 Dodging
 + Level 5.2 Spellcasting
 - Level 2.6 Conjurations


You had 15 spell levels left.
You knew the following spells:

 Your Spells              Type           Power      Damage    Failure   Level
a - Kiss of Death         Conj/Necr      32%        2d7       9%          1

Your spell library contained the following spells:

 Spells                   Type           Power      Damage    Failure   Level
 Momentum Strike          Conj/Tloc      16%        3d8       13%         2
 Hailstorm                Conj/Ice       8%         3d4       26%         3
 Confusing Touch          Hex            4%         N/A       41%         3
 Kindle Blastsparks       Fire/Tloc/Air  8%         2d10      41%         3
 Fulminant Prism          Conj/Hex       4%         3d5       65%         4
 Iskenderun's Mystic Bla  Conj/Tloc      8%         2d4       65%         4
 Dispel Undead            Necr           4%         3d7       83%         4
 Lee's Rapid Deconstruct  Erth           2%         3d4*      99%         5


Dungeon Overview and Level Annotations

Branches:
Dungeon (5/15)             Temple (0/1) D:5

Altars:
Dithmenos
Wu Jian

Annotations:
D:5 3 runed translucent doors, ketsa's ghost, novice HOFi


Innate Abilities, Weirdness & Mutations

You are too large for most types of armour.
You have tough skin. (AC +1)


Message History

No target in view!
No target in view!
No target in view!
No target in view!
Done exploring.
Done exploring.
There is a stone staircase leading down here.
You climb downwards.
There is a stone staircase leading up here.
An adder and a scorpion come into view.
The adder hisses angrily.
There are monsters nearby!
The scorpion attacks as you move away! The scorpion completely misses you.
You hit the scorpion but do no damage.
The scorpion stings you but does no damage.
The scorpion attacks as you move away! The scorpion stings you.
You hit the scorpion.
The scorpion is lightly wounded.
The scorpion stings you.
You are poisoned.
The scorpion poisons you!
The scorpion stings you but does no damage.
You completely miss the scorpion.
You punch the scorpion, but do no damage.
The scorpion is lightly wounded.
You feel very sick. The scorpion barely misses you.
You hit the scorpion.
You feel better.
The scorpion is moderately wounded.
You feel sick.
The scorpion stings you but does no damage.
You hit the scorpion but do no damage.
The scorpion is moderately wounded.
You feel sick. The scorpion stings you. x2
* * * LOW HITPOINT WARNING * * *
You hit the scorpion.
The scorpion is severely wounded.
* * * LOW HITPOINT WARNING * * *
You feel sick. The scorpion stings you.
You die...

#... .......#.....
.#...#####........#..#
................#!#..#
#....#......?.......#
#.#......<......$.#.#
##.......#......#....#
#........#......S..#.P..P
........###...##s#.# ...
##..............@#... .
#)#.............##....
##.#..##.......... .####
#..)>.##........##..#
.....##.........# ..#
................# .#
...#...>........# ..
...#.###........# ..
.....# #........#


You could see a scorpion and an adder.

Vanquished Creatures
  A black bear (D:5)
  4 ogres
  A jelly (D:5)
  An iguana (D:5)
  Crazy Yiuf (D:2)
  3 adders
  2 ufetubi
  6 dart slugs
  An orc (D:5)
  3 ball pythons
  6 endoplasms
  4 giant cockroaches
  4 goblins
  4 hobgoblins
  7 jackals
  5 kobolds
  2 quokkas (D:3)
  8 bats
  2 frilled lizards (D:1)
  4 rats
69 creatures vanquished.

Vanquished Creatures (others)
  A plant (D:4)
1 creature vanquished.

Grand Total: 70 creatures vanquished

Notes
Turn   | Place    | Note
-------+----------+-------------------------------------------
     0 | D:1      | tsouns the Ogre Reaver began the quest for the Orb.
     0 | D:1      | Reached XP level 1. HP: 22/22 MP: 3/3
   102 | D:1      | Reached skill level 3 in Fighting
   102 | D:1      | Reached XP level 2. HP: 11/25 MP: 5/5
   329 | D:1      | Reached XP level 3. HP: 20/34 MP: 5/7
  1104 | D:2      | Found a runed translucent door.
  1105 | D:2      | Noticed Crazy Yiuf
  1425 | D:2      | Identified the +3 leather armour of the Grue {rPois rF+}
  1539 | D:2      | Found a faded altar of an unknown god.
  1824 | D:2      | HP: 1/32 [Crazy Yiuf/+2 quarterstaff of chaos (20)]
  1825 | D:2      | Killed Crazy Yiuf
  1826 | D:2      | Reached skill level 4 in Fighting
  1826 | D:2      | Reached XP level 4. HP: 2/39 MP: 6/9
  2253 | D:3      | You fall into a shaft and drop 1 floor!
  2267 | D:3      | Found a shadowy altar of Dithmenos.
  2267 | D:3      | Found an ornate altar of the Wu Jian Council.
  2288 | D:3      | Became a worshipper of Dithmenos the Shadowed
  2337 | D:4      | Noticed an ogre
  2341 | D:5      | Entered Level 5 of the Dungeon
  2365 | D:5      | Found a runed translucent gate.
  2365 | D:5      | Found a runed translucent gate.
  2365 | D:5      | Found a runed translucent gate.
  2367 | D:5      | Noticed ketsa's ghost (novice HOFi)
  2368 | D:5      | Noticed a kobold brigand
  2384 | D:5      | Noticed a black bear
  2397 | D:5      | Killed a black bear
  2398 | D:5      | Reached XP level 5. HP: 23/55 MP: 9/11
  2677 | D:5      | Noticed an ogre
  2691 | D:5      | Killed an ogre
  2692 | D:5      | Reached skill level 5 in Fighting
  2692 | D:5      | Reached XP level 6. HP: 23/65 MP: 10/12
  3295 | D:5      | Reached skill level 5 in Spellcasting
  3295 | D:5      | Reached XP level 7. HP: 47/62 MP: 14/14
  3686 | D:5      | Identified the +0 pair of gloves of Jysyafuxt {+Inv}
  3844 | D:5      | Found a staircase to the Ecumenical Temple.
  4205 | D:4      | Reached skill level 6 in Fighting
  4205 | D:4      | Reached skill level 5 in Maces & Flails
  4883 | D:4      | Slain by a scorpion

Illustrated notes

Levels and vault maps discovered:
D:1:      minmay_arrival_five_plusses, layout_basic, chequers_garden
D:2:      layout_loops_ring, hellmonk_ecumenical_altar_prayer_group,
          roderic_roman_lattice, uniq_crazy_yiuf_cottage
D:3:      layout_loops_ring, nicolae_overflow_hidden_temple
D:4:      cheibrodos_old_hovel, layout_rooms,
          mainiacjoe_overflow_concentric_impassable, uniq_pikel
D:5:      layout_loops_corners, minmay_temple_entry_enclosed_plants,
          gammafunk_ghost_nasty_kobolds

Skill      XL: |  1  2  3  4  5  6  7 |
---------------+----------------------+-----
Fighting       | 3 4 5 6 |  6.2
Maces & Flails | 3 4 5 |  5.2
Spellcasting   | 3 4 5 |  5.2
Dodging        | |  1.7
Conjurations   | |  2.6

Action                   |  1- 3 |  4- 6 |  7- 9 || total
-------------------------+-------+-------+-------++-------
Melee: Mace              |   134 |    47 |    35 ||   216
       Giant spiked club |       |    12 |    62 ||    74
       Punch             |       |       |     1 ||     1
 Cast: Kiss of Death     |     4 |     3 |     5 ||    12
  Use: Scroll            |       |     6 |       ||     6
       Potion            |       |     8 |     2 ||    10
 Stab: Invisible         |       |       |     1 ||     1
Armor: Robe              |    52 |    14 |    64 ||   130
Dodge: Dodged            |    88 |    37 |   101 ||   226

Table legend: (Time is in decaauts)
 A = Elapsed time spent in this place.
 B = Non-inter-level travel time spent in this place.
 C = Inter-level travel time spent in this place.
 D = Time resting spent in this place.
 E = Time spent auto-exploring this place.
 F = Levels seen in this place.
 G = Mean time per level.
                   A        B        C        D        E       F      G
               +--------+--------+--------+--------+--------+-----+--------+
         Total |   4953 |   4805 |    148 |    169 |   3883 |   5 |  990.6 |
       Dungeon |   4953 |   4805 |    148 |    169 |   3883 |   5 |  990.6 |
               +--------+--------+--------+--------+--------+-----+--------+

Top non-repeatable levels by time:
     D:5: 1863 daAuts
     D:2: 1063 daAuts
     D:1: 1007 daAuts
     D:3: 863 daAuts
     D:4: 155 daAuts
